 Dungeon Crawl Stone Soup version 0.21-a0-135-g8dc100c (webtiles) character file.

11306 Ordine the Ducker (level 11, -3/61 HPs)
             Began as a Deep Elf Wizard on July 18, 2017.
             Was a Follower of Sif Muna.
             Splashed by an acid dragon's acid (12 damage)
             ... on level 11 of the Dungeon.
             The game lasted 00:59:48 (16070 turns).

Ordine the Ducker (Deep Elf Wizard)                Turns: 16070, Time: 00:59:49

Health: -3/61      AC:  3    Str:  4    XL:     11   Next: 47%
Magic:  20/22      EV: 16    Int: 27    God:    Sif Muna [*.....]
Gold:   403        SH:  0    Dex: 13    Spells: 6/22 levels left

rFire    . . .     SeeInvis .   t - staff of energy
rCold    + . .     Gourm    .   (no shield)
rNeg     . . .     Faith    .   J - +0 steam dragon scales
rPois    .         Spirit   .   b - +1 hat
rElec    .         Reflect  .   I - +2 cloak {+Inv}
rCorr    .         Harm     .   (no gloves)
MR       +....                  (no boots)
Stlth    +++.......             g - amulet of magic regeneration
HPRegen  0.20/turn              i - +2 ring of protection
MPRegen  0.43/turn              j - ring of protection from cold

@: corroded
A: no striking features
a: Divine Energy, Renounce Religion, Evoke Invisibility


You were on level 11 of the Dungeon.
You worshipped Sif Muna.
Sif Muna was aware of your devotion.
You were not hungry.

You visited 2 branches of the dungeon, and saw 12 of its levels.

You collected 700 gold pieces.
You spent 297 gold pieces at shops.

Inventory:

Hand Weapons
 l - a +1 vampiric dagger
 p - the +4 war axe "Udaquplu" {speed, Dex+4}
   (You found it on level 11 of the Dungeon)

   Attacks with this weapon are significantly faster.
   It affects your dexterity (+4).
Armour
 b - a +1 hat (worn)
 I - a +2 cloak of invisibility (worn)
 J - +0 steam dragon scales (worn)
Magical Staves
 t - an uncursed staff of energy (weapon)
Jewellery
 g - an amulet of magic regeneration (around neck)
 i - a +2 ring of protection (left hand)
 j - a ring of protection from cold (right hand)
 x - an uncursed ring of fire
 y - an uncursed ring of flight
 z - an uncursed ring of wizardry
Wands
 w - a wand of confusion (17/48)
 B - a wand of scattershot (3/9)
 H - a wand of iceblast (9/15)
Scrolls
 e - 2 scrolls of enchant armour
 f - 2 scrolls of recharging
 q - 2 scrolls of amnesia
 A - a scroll of teleportation
 E - 2 scrolls of blinking
 G - a scroll of immolation
Potions
 h - 6 potions of heal wounds
 k - a potion of ambrosia
 m - a potion of berserk rage
 r - a potion of agility
 s - 5 potions of curing
 C - 2 potions of flight
 D - 2 potions of mutation {unknown}
Books
 c - a book of Minor Magic

   Spells                             Type                      Level
   a - Magic Dart                     Conjuration                  1
   b - Blink                          Translocation                2
   c - Call Imp                       Summoning                    2
   d - Slow                           Hexes                        2
   e - Conjure Flame                  Conjuration/Fire             3
   f - Mephitic Cloud                 Conjuration/Poison/Air       3
 F - a book of Geomancy

   Spells                             Type                      Level
   a - Sandblast                      Earth                        1
   b - Passwall                       Transmutation/Earth          2
   c - Stone Arrow                    Conjuration/Earth            3
   d - Petrify                        Transmutation/Earth          4
   e - Lee's Rapid Deconstruction     Earth                        5
Comestibles
 d - 8 bread rations
 n - 5 fruits
 o - 9 meat rations
 u - 4 royal jellies


   Skills:
 - Level 4.0 Fighting
 - Level 4.0 Short Blades
 + Level 3.9 Staves
 + Level 0.5 Armour
 + Level 6.7 Dodging
 + Level 6.5 Stealth
   Level 4.0 Shields
 - Level 6.0 Spellcasting
 - Level 5.0 Conjurations
 - Level 5.0 Summonings
 - Level 5.0 Translocations
 - Level 5.1 Fire Magic
 - Level 5.0 Air Magic
 * Level 3.2 Earth Magic
 + Level 4.7 Poison Magic
 - Level 4.0 Invocations
 - Level 6.0 Evocations


You had 6 spell levels left.
You knew the following spells:

 Your Spells              Type           Power        Failure   Level  Hunger
a - Magic Dart            Conj           ####         1%          1    None
b - Blink                 Tloc           N/A          1%          2    None
c - Call Imp              Summ           #####...     1%          2    None
d - Conjure Flame         Conj/Fire      #####...     2%          3    None
e - Mephitic Cloud        Conj/Pois/Air  ####....     2%          3    None
f - Lee's Rapid Deconstr  Erth           ####......   43%         5    None


Dungeon Overview and Level Annotations

Branches:
Dungeon (11/15)            Temple (1/1) D:5
   Lair: D:8-11         Orc: D:9-12

Altars:
Ashenzari
Cheibriados
Dithmenos
Elyvilon
Fedhas
Gozag
Hepliaklqana
Kikubaaqudgha
Makhleb
Nemelex Xobeh
Okawaru
Qazlal
Ru
Sif Muna
Trog
Uskayaw
Vehumet
Wu Jian
Xom
Yredelemnul
Zin
The Shining One

Shops:
D:6 *   D:7 *


Message History

An acid dragon comes into view.
The acid dragon roars!
The acid dragon spits acid at you. The splash of acid hits you!
The acid corrodes you!
You are splashed with acid!
The acid burns!
Casting: Magic Dart
Confirm with . or Enter, or press ? or * to list all spells.
A beastly little devil appears in a puff of flame.
The acid dragon spits acid at you. The splash of acid hits you!
The acid corrodes you!
You are splashed with acid!
The acid burns!
* * * LOW HITPOINT WARNING * * *
Casting: Call Imp
Confirm with . or Enter, or press ? or * to list all spells.
A beastly little devil appears in a puff of flame.
The acid dragon spits acid at you. The splash of acid hits you!
* * * LOW HITPOINT WARNING * * *
The acid corrodes you!
You are splashed with acid!
The acid burns!
You die...

...............[.# ...
.................#......
[.....)..........#......
.......(.........#.....
######(....#....##...######
#.....(....#...............
#..........#...............
#..........#...............
#......(...#....@.........
#..........#..............
#..#.#######.###.....######.
...#.....#...#......5.......
...#.....#...#..............
...#.....#...#....._........
...#####5#...#.......5......
.............#.........D....
####.........#..............


You could see an acid dragon and 2 friendly crimson imps.

Vanquished Creatures
  3 two-headed ogres
  An ugly thing (D:10)
  A centaur zombie (D:9)
  2 trolls
  A hippogriff (D:8)
  A vampire (D:10)
  5 yaks (D:10)
  4 hungry ghosts
  Menkaure (D:7)
  An orc warrior (D:11)
  A sky beast (D:8)
  4 ice beasts
  2 phantoms
  4 ogres
  4 centaurs
  5 bullfrogs
  Blork the orc (D:5)
  3 scorpions
  A killer bee (D:11)
  5 howler monkeys
  4 crimson imps
  4 bullfrog zombies
  3 orc wizards
  4 hounds
  A jelly (D:9)
  4 orc priests
  A gnoll shaman (D:5)
  A bullfrog skeleton (D:5)
  2 iguanas
  Natasha (twice) (D:2)
  8 worker ants
  A killer bee zombie (D:10)
  2 hound zombies (D:9)
  2 worker ant zombies
  5 gnolls
  12 adders
  3 shadow imps
  3 oozes
  An adder skeleton (D:5)
  2 adder zombies (D:8)
  A worm (D:3)
  2 dart slugs
  6 leopard geckos
  21 orcs
  13 bats
  6 giant cockroaches
  7 goblins
  10 hobgoblins
  19 jackals
  10 kobolds
  A quokka (D:10)
  A ball python (D:4)
  7 frilled lizards
  A leopard gecko skeleton (D:6)
  A quokka skeleton (D:4)
  A quokka zombie (D:7)
  11 rats
233 creatures vanquished.

Vanquished Creatures (collateral kills)
  4 two-headed ogres
  Maurice (D:10)
  A troll (D:11)
  A wyvern (D:9)
  A steam dragon (D:11)
  An ice beast (D:5)
  2 black bears
  7 centaurs
  An ogre (D:8)
  A big kobold (D:9)
  3 scorpions
  A howler monkey (D:11)
  A crimson imp (D:10)
  2 quasits
  2 jellies
  An orc priest (D:8)
  A hound (D:11)
  Jessica (D:2)
  Natasha (D:2)
  2 worker ants
  3 gnolls
  An adder (D:8)
  2 worms
  6 orcs
  A jackal (D:10)
  A kobold (D:9)
49 creatures vanquished.

Vanquished Creatures (others)
  2 ogres
  9 fungi (D:8)
11 creatures vanquished.

Grand Total: 293 creatures vanquished

Notes
Turn   | Place    | Note
-------+----------+-------------------------------------------
     0 | D:1      | Ordine the Deep Elf Wizard began the quest for the Orb.
     0 | D:1      | Reached XP level 1. HP: 10/10 MP: 7/7
   207 | D:1      | Reached XP level 2. HP: 15/15 MP: 4/9
   252 | D:1      | Learned a level 2 spell: Blink
   255 | D:1      | Learned a level 2 spell: Call Imp
   913 | D:1      | Reached XP level 3. HP: 19/19 MP: 9/11
   918 | D:1      | Learned a level 3 spell: Conjure Flame
   922 | D:1      | Learned a level 3 spell: Mephitic Cloud
  1053 | D:2      | Noticed Natasha
  1268 | D:2      | Killed Natasha
  1408 | D:2      | Noticed Natasha
  1419 | D:2      | Killed Natasha
  1419 | D:2      | Reached skill level 5 in Spellcasting
  1419 | D:2      | Reached XP level 4. HP: 17/24 MP: 4/13
  1964 | D:2      | Noticed Natasha
  1971 | D:2      | Killed Natasha
  2182 | D:2      | Noticed Jessica
  2188 | D:2      | Killed Jessica
  2188 | D:2      | Reached XP level 5. HP: 28/28 MP: 5/14
  2743 | D:3      | Reached skill level 1 in Air Magic
  3050 | D:3      | Found a blossoming altar of Fedhas.
  3809 | D:4      | Noticed an ogre
  3823 | D:4      | Killed an ogre
  3823 | D:4      | Reached skill level 1 in Fire Magic
  3823 | D:4      | Reached XP level 6. HP: 32/32 MP: 1/15
  4524 | D:5      | Entered Level 5 of the Dungeon
  4759 | D:5      | Reached skill level 1 in Shields
  4759 | D:5      | Reached XP level 7. HP: 26/36 MP: 0/16
  4920 | D:5      | Found a staircase to the Ecumenical Temple.
  4920 | D:5      | Noticed Blork the orc
  4958 | Temple   | Entered the Ecumenical Temple
  5255 | D:5      | Killed Blork the orc
  5387 | D:5      | Reached skill level 5 in Stealth
  6749 | D:5      | Reached XP level 8. HP: 34/41 MP: 6/17
  6824 | D:6      | Reached skill level 1 in Evocations
  7047 | D:6      | Found Zietsyos's Assorted Antiques.
  7067 | D:6      | Bought a peridot ring for 135 gold pieces
  7069 | D:6      | Bought a glass ring for 135 gold pieces
  7070 | D:6      | Bought a scroll labeled VOUDEF COFETIS for 27 gold pieces
  7414 | D:7      | Found a shimmering altar of Xom.
  7415 | D:7      | Found a shimmering altar of Xom.
  7422 | D:7      | Found Dochutol's General Store.
  7500 | D:7      | Reached skill level 1 in Fighting
  7500 | D:7      | Reached skill level 1 in Short Blades
  7566 | D:7      | Found a shimmering altar of Xom.
  7566 | D:7      | Found a shimmering altar of Xom.
  7567 | D:7      | Found a shimmering altar of Xom.
  7567 | D:7      | Found a shimmering altar of Xom.
  7567 | D:7      | Found a shimmering altar of Xom.
  7568 | D:7      | Found a shimmering altar of Xom.
  7568 | D:7      | Found a shimmering altar of Xom.
  7569 | D:7      | Found a shimmering altar of Xom.
  7575 | D:7      | Noticed Menkaure
  7594 | D:7      | Killed Menkaure
  7857 | D:7      | Reached XP level 9. HP: 47/47 MP: 10/18
  7892 | D:7      | Reached skill level 5 in Translocations
  7971 | D:7      | Reached skill level 5 in Conjurations
  8330 | D:7      | Noticed a lindwurm
  8875 | D:8      | Reached skill level 1 in Poison Magic
  9035 | D:8      | Reached skill level 5 in Summonings
  9529 | D:8      | Found a snail-covered altar of Cheibriados.
  9867 | D:9      | Found a deep blue altar of Sif Muna.
  9869 | D:9      | Found a stormy altar of Qazlal.
  9875 | D:9      | Became a worshipper of Sif Muna the Loreminder
 10183 | D:9      | Noticed a two-headed ogre
 10201 | D:9      | Killed a two-headed ogre
 10201 | D:9      | Reached skill level 1 in Staves
 10201 | D:9      | Reached skill level 5 in Fire Magic
 10201 | D:9      | Reached skill level 5 in Air Magic
 10201 | D:9      | Reached XP level 10. HP: 40/54 MP: 3/19
 10573 | D:9      | Reached skill level 5 in Dodging
 10642 | D:9      | Reached skill level 1 in Invocations
 10920 | D:10     | Entered Level 10 of the Dungeon
 10993 | D:10     | Noticed a two-headed ogre
 10998 | D:10     | Noticed a two-headed ogre
 11092 | D:9      | Noticed a two-headed ogre
 11108 | D:9      | Killed a two-headed ogre
 11178 | D:10     | Noticed a two-headed ogre
 11189 | D:10     | Noticed a two-headed ogre
 11335 | D:9      | Killed a two-headed ogre
 11669 | D:10     | Noticed a purple ugly thing
 11681 | D:10     | Killed a purple ugly thing
 11681 | D:10     | Reached skill level 5 in Evocations
 11769 | D:10     | Killed a two-headed ogre
 12115 | D:10     | Noticed Maurice
 13120 | D:10     | Killed a two-headed ogre
 13120 | D:10     | Reached XP level 11. HP: 41/60 MP: 1/21
 13265 | D:10     | Killed Maurice
 13280 | D:10     | Killed a two-headed ogre
 13541 | D:10     | Learned a level 5 spell: Lee's Rapid Deconstruction
 13849 | D:11     | Got an ivory war axe
 13850 | D:11     | Identified the +4 war axe "Udaquplu" {speed, Dex+4} (You found it on level 11 of the Dungeon)
 14352 | D:11     | Noticed a two-headed ogre
 14376 | D:11     | Killed a two-headed ogre
 14376 | D:11     | Reached * piety under Sif Muna
 14376 | D:11     | Reached skill level 1 in Earth Magic
 15424 | D:11     | Noticed a five-headed hydra
 15444 | D:11     | Found a shimmering altar of Xom.
 16070 | D:11     | Splashed by an acid dragon's acid

Vault maps used:
D:1:      sevenhm_arrival_forest_fort_small_4, kennysheep_minor_cross
D:2:      uniq_natasha, uniq_jessica
D:3:      kennysheep_six_static_rooms, fedhas_altar_4
D:4:      first_bread
D:5:      minmay_temple_entry_statues_pillars, uniq_blork_the_orc
D:6:      serial_shops, nicolae_shop_overgrown_old_shop
D:7:      xom_shifter_show, serial_shops, shop, grunt_ogre_cave, uniq_menkaure
D:8:      old_forge, overflow_temple_1_default
D:9:      chequers_temple_overflow_statue_of_worship
D:10:     uniq_maurice
D:11:     lair_entry_dummy, basic_altar
Temple:   regret_index_temple_mists

Skill      XL: |  1  2  3  4  5  6  7  8  9 10 11 |
---------------+----------------------------------+-----
Stealth        | 3 4 5 6 |  6.5
Dodging        | 3 4 5 6 |  6.7
Conjurations   | 2 3 4 5 |  5.0
Spellcasting   | 5 6 |  6.0
Translocations | 2 3 4 5 |  5.0
Summonings     | 2 3 4 5 |  5.0
Air Magic      | 1 2 3 4 5 |  5.0
Fire Magic     | 1 2 4 5 |  5.1
Shields        | 1 2 3 4 |  4.0
Evocations     | 2 4 5 6 |  6.0
Fighting       | 1 2 3 4 |  4.0
Short Blades   | 1 3 4 |  4.0
Poison Magic   | 2 4 |  4.7
Staves         | 1 3 |  3.9
Invocations    | 3 4 |  4.0
Earth Magic    | 3 |  3.2
Armour         | |  0.5

Action                   |  1- 3 |  4- 6 |  7- 9 | 10-12 || total
-------------------------+-------+-------+-------+-------++-------
Melee: Dagger            |       |    10 |    10 |       ||    20
       Staff             |       |       |       |     4 ||     4
       War axe           |       |       |       |    19 ||    19
 Cast: Magic Dart        |    71 |   176 |   401 |   475 ||  1123
       Call Imp          |     3 |     7 |    48 |    97 ||   155
       Conjure Flame     |       |     2 |    16 |     7 ||    25
       Mephitic Cloud    |       |     1 |    19 |    44 ||    64
       Blink             |       |       |    12 |    23 ||    35
Evoke: Staff of energy   |       |       |       |     3 ||     3
  Use: Scroll            |     4 |     8 |     7 |     2 ||    21
       Potion            |       |     1 |       |       ||     1
 Stab: Confused          |       |       |       |     1 ||     1
  Eat: Chunk             |     1 |    10 |    18 |    16 ||    45
       Bread ration      |       |       |     1 |       ||     1
       Fruit             |       |       |       |     2 ||     2
Armor: Robe              |     1 |     8 |    20 |    48 ||    77
       Steam dragon scal |       |       |       |    17 ||    17
Dodge: Dodged            |     7 |    35 |    89 |   183 ||   314
